 Dungeon Crawl Stone Soup version 0.28-a0-511-gcc94558de3 (webtiles) character file.

Game seed: 4786829130099922673

90 peenler the Magician (level 4, -4/31 HPs)
             Began as a Djinni Ice Elementalist on Sept 21, 2021.
             Slain by an adder (5 damage)
             ... on level 3 of the Dungeon.
             The game lasted 00:10:48 (3004 turns).

peenler the Magician (Djinni Ice Elementalist)      Turns: 3004, Time: 00:10:48

Health: -4/31      AC:  2    Str:  7    XL:     4   Next: 85%
Gold:   48         EV: 12    Int: 17    God:
                   SH:  0    Dex: 14

rFire   + + .      SeeInvis .   j - +0 dagger (speed)
rCold   . . .      Faith    .   (no shield)
rNeg    . . .      Spirit   .   k - +0 robe
rPois   ∞          Reflect  .   (no helmet)
rElec   .          Harm     .   (no cloak)
rCorr   .          Rampage  .   (no gloves)
Will    .....                   (boots unavailable)
Stlth   ++........              (no amulet)
HPRegen 0.10/turn               h - ring of protection from cold
MPRegen 0.00/turn               (no ring)

@: flying
A: sickness immunity, fire resistance 2, cold vulnerability 1, float, innate
caster, hp casting, extra vitality 1
a: no special abilities


You were on level 3 of the Dungeon.
You visited 1 branch of the dungeon, and saw 3 of its levels.

You collected 48 gold pieces.

Inventory:

Hand Weapons
 c - a +0 hunting sling
 d - a +0 dagger
 g - a +0 club
 j - a +0 dagger of speed (weapon)
Armour
 a - a +0 robe
 k - a +0 robe (worn)
Jewellery
 h - a ring of protection from cold (left hand)
Scrolls
 b - a scroll of enchant armour {unknown}
 e - a scroll of torment {unknown}
 i - a scroll of identify {unknown}
 m - a scroll of amnesia {unknown}
Potions
 f - 2 potions of ambrosia {unknown}
 l - 2 potions of curing {unknown}


   Skills:
 + Level 2.8 Dodging
 + Level 1.8 Stealth
 + Level 4.3 Spellcasting


You couldn't memorise any spells.
You knew the following spells:

 Your Spells              Type           Power      Damage    Failure   Level
a - Freeze                Ice            72%        1d9       2%          1
b - Frozen Ramparts       Ice            36%        1d5       8%          3
c - Ozocubu's Armour      Ice            18%        N/A       8%          3
d - Hailstorm             Conj/Ice       18%        3d6       26%         4
e - Pain                  Necr           72%        1d7       2%          1
Your spell library was empty.

Dungeon Overview and Level Annotations

Branches:
Dungeon (3/15)

Altars:

Shops:
D:1 :

Annotations:
D:2 1 runed translucent door, Crazy Yiuf


Innate Abilities, Weirdness & Mutations

You are immune to sickness and miasma.
You are immune to poison.
Your flesh is very heat resistant. (rF++)
You are vulnerable to cold. (rC-)
You float through the air rather than walking.
You learn spells naturally, not from books.
Your magical power is your life essence.
You have superior vitality. (+4 HP)


Message History

The adder bites you. The adder misses you. x2
The adder closely misses you. The adder misses you.
The adder barely misses you. The adder bites you but does no damage.
The adder misses you. The adder barely misses you.
The adder closely misses you. The adder bites you. The adder bites you.
The adder closely misses you. The adder closely misses you.
The adder bites you. The adder misses you. The adder bites you.
The adder closely misses you. The adder closely misses you.
The adder barely misses you. The adder closely misses you. The adder bites you.
The adder bites you but does no damage. The adder bites you.
The adder completely misses you. The adder bites you.
The adder completely misses you. The adder bites you. x2
* * * LOW HITPOINT WARNING * * *
The adder bites you.
* * * LOW HITPOINT WARNING * * *
The adder bites you.
* * * LOW HITPOINT WARNING * * *
The adder barely misses you. The adder bites you but does no damage.
The adder bites you.
* * * LOW HITPOINT WARNING * * *
The adder bites you.
* * * LOW HITPOINT WARNING * * *
The adder misses you. The adder bites you.
* * * LOW HITPOINT WARNING * * *
The adder bites you.
* * * LOW HITPOINT WARNING * * *
The adder bites you.
* * * LOW HITPOINT WARNING * * *
The adder bites you.
You die...

## ##### .. ...# ##
#.##.#### . #.#
#......# ... #
#.#.##.##.###...#.
#.###.###.##.@S......
#.........#######.###
###...##### #.###.##
##+## #. ##.# ##...##
#.# ##.....## ##.##
##..<....##
#.###...####.........#
............'.........+


You could see an adder.

Vanquished Creatures
  A howler monkey (D:2)
  2 dart slugs (D:1)
  6 endoplasms
  2 giant cockroaches (D:1)
  3 goblins
  4 hobgoblins
  4 jackals (D:2)
  5 kobolds
  3 quokkas (D:1)
  5 ball pythons
  4 bats (D:1)
  A frilled lizard (D:2)
  4 rats
44 creatures vanquished.

Notes
Turn   | Place    | Note
-------+----------+-------------------------------------------
     0 | D:1      | peenler the Djinni Ice Elementalist began the quest for the
                  | Orb.
     0 | D:1      | Reached XP level 1. HP: 15/15 MP: 0/0
   135 | D:1      | Found Xehabb's Book Emporium.
   170 | D:1      | Reached XP level 2. HP: 14/21 MP: 0/0
   556 | D:1      | Found a faded altar of an unknown god.
   715 | D:1      | Reached XP level 3. HP: 23/25 MP: 0/0
   715 | D:1      | Learned a level 1 spell: Pain
  1269 | D:1      | Reached skill level 4 in Spellcasting
  1881 | D:2      | Reached XP level 4. HP: 12/31 MP: 0/0
  2635 | D:2      | Found a runed translucent door.
  2636 | D:2      | Noticed Crazy Yiuf
  3003 | D:3      | HP: 1/31 [adder (1)]
  3004 | D:3      | Slain by an adder

Illustrated notes

Levels and vault maps discovered:
D:1:      onia_arrival_mini_spirals, layout_basic, serial_shops,
          nicolae_shop_temple_entry_statues_fountains,
          hellmonk_ecumenical_altar_slurped_away, hex_tiny, chequers_jeans,
          item_on_display_a
D:2:      layout_basic, uniq_crazy_yiuf_cottage
D:3:      layout_loops_corners, chequers_serial_rivers_large_b, uniq_terence,
          uniq_natasha

Skill      XL: |  1  2  3 |
---------------+----------+-----
Spellcasting   | 4 |  4.3
Dodging        | |  2.8
Stealth        | |  1.8

Action                   |  1- 3 |  4- 6 || total
-------------------------+-------+-------++-------
Melee: Unarmed           |     1 |       ||     1
       Club              |     2 |       ||     2
       Dagger            |       |     1 ||     1
 Cast: Freeze            |    38 |     4 ||    42
       Pain              |    25 |    19 ||    44
       Ozocubu's Armour  |       |     2 ||     2
  Use: Scroll            |     1 |       ||     1
Armor: Robe              |     6 |     3 ||     9
Dodge: Dodged            |    23 |    23 ||    46

Table legend: (Time is in decaauts)
 A = Elapsed time spent in this place.
 B = Non-inter-level travel time spent in this place.
 C = Inter-level travel time spent in this place.
 D = Time resting spent in this place.
 E = Time spent auto-exploring this place.
 F = Levels seen in this place.
 G = Mean time per level.
                   A        B        C        D        E       F      G
               +--------+--------+--------+--------+--------+-----+--------+
         Total |   3001 |   2977 |     24 |   1457 |    834 |   3 | 1000.3 |
       Dungeon |   3001 |   2977 |     24 |   1457 |    834 |   3 | 1000.3 |
               +--------+--------+--------+--------+--------+-----+--------+

Top non-repeatable levels by time:
     D:1: 1777 daAuts
     D:2: 1164 daAuts
     D:3: 59 daAuts
